 Dungeon Crawl Stone Soup version 0.30-a0-845-g7c6808c8ce (webtiles) character file.

Game seed: 542138979381102128

12658 lunkers the Meteoric Blade (level 12, -6/90 HPs)
             Began as a Meteoran Fighter on Mar 2, 2023.
             Was an Initiate of Gozag.
             Mangled by a death yak (15 damage)
             ... on level 4 of the Lair of Beasts.
             The game lasted 00:21:41 (5391 turns).

lunkers the Meteoric Blade (Meteoran Fighter)       Turns: 5391, Time: 00:21:41

Health: -6/90      AC: 22    Str: 18    XL:     12   Next: 52%
Magic:  13/13      EV:  9    Int: 12    God:    Gozag
Gold:   1868       SH:  0    Dex: 17    Spells: 11/11 levels left

rFire   . . .      SeeInvis .    b - +6 triple sword (protect)
rCold   . . .      Faith    .    (shield currently unavailable)
rNeg    . . .      Spirit   .    f - +1 scale mail
rPois   .          Reflect  .    o - +2 helmet
rElec   .          Rampage  .    (no cloak)
rCorr   +                        (no gloves)
Will    +....                    (no boots)
Stlth   x                          - amulet of regeneration
HPRegen 1.15/turn                q - ring of resist corrosion
MPRegen 0.13/turn                B - +4 ring of protection

@: under a protective aura, glowing
A: sense surroundings 2, otherworldly, glowing, explore regen
a: Renounce Religion, Potion Petition, Call Merchant, Bribe Branch


You were on level 4 of the Lair of Beasts.
You worshipped Gozag.
Gozag was most pleased with you.
You visited 2 branches of the dungeon, and saw 12 of its levels.
You also visited: Sewer.

You collected 1916 gold pieces.
You paid 48 gold pieces to Gozag.

Inventory:

Hand Weapons
 a - a +1 long sword
 b - a +6 triple sword of protection (weapon)
Missiles
 i - a throwing net
Armour
 c - a +0 buckler
 f - a +1 scale mail (worn)
 j - a +0 helmet
 o - a +2 helmet (worn)
Jewellery
 k - an amulet of guardian spirit
 n - an amulet of the acrobat
 q - a ring of resist corrosion (left hand)
 x - an amulet of regeneration (around neck)
 y - an amulet of magic regeneration
 B - a +4 ring of protection (right hand)
 C - a ring of protection from fire
 H - a ring of positive energy
Wands
 e - a wand of iceblast (1)
 w - a wand of digging (4)
Scrolls
 s - 2 scrolls of teleportation
 t - a scroll of magic mapping
 z - 2 scrolls of fog
 G - a scroll of noise {unknown}
Potions
 d - 2 potions of might
 g - 5 potions of curing
 h - 3 potions of brilliance
 l - a potion of resistance {unknown}
 m - a potion of haste {unknown}
 p - a potion of lignification {unknown}
 r - 3 potions of heal wounds
 u - 2 potions of flight
 v - 5 potions of mutation
 A - 2 potions of ambrosia {unknown}
 D - a potion of berserk rage {unknown}
 E - 2 potions of magic {unknown}


   Skills:
 + Level 3.6 Fighting
 * Level 21.3 Long Blades
 + Level 4.0 Armour
 - Level 3.6 Shields


You had 11 spell levels left.
You didn't know any spells.
Your spell library contained the following spells:

 Spells                   Type           Power      Damage    Failure   Level
 Beastly Appendage        Tmut           0%         N/A       69%         1
 Ensorcelled Hibernation  Hex/Ice        0%         N/A       83%         2
 Passwall                 Tmut/Erth      0%         N/A       83%         2
 Sublimation of Blood     Necr           0%         N/A       83%         2
 Wereblood                Tmut           0%         N/A       83%         2
 Frozen Ramparts          Ice            0%         1d1       96%         3
 Inner Flame              Hex/Fire       0%         N/A       96%         3
 Mephitic Cloud           Conj/Pois/Air  0%         N/A       96%         3
 Spider Form              Tmut/Pois      0%         N/A       96%         3
 Swiftness                Air            0%         N/A       96%         3
 Flame Wave               Conj/Fire      0%         2d4       100%        4
 Ice Form                 Ice/Tmut       0%         N/A       100%        4
 Sticky Flame             Conj/Fire      0%         2d3       100%        4
 Summon Ice Beast         Ice/Summ       0%         N/A       100%        4
 Arcjolt                  Conj/Air       0%         1d10      100%        5
 Silence                  Hex/Air        0%         N/A       100%        5
 Summon Hydra             Summ           0%         N/A       100%        7


Dungeon Overview and Level Annotations

Branches:
Dungeon (8/15) Zot: 755    Temple (0/1) D:7            Lair (4/5) D:8 Zot: 1432
 Shoals (0/4) Lair:3        Snake (0/4) Lair:3        Sewer (visited)
  Slime: Lair:4-5

Altars:
Gozag
Trog
Xom
Yredelemnul
Zin

Shops:
D:5 *

Annotations:
D:4 Grinder


Innate Abilities, Weirdness & Mutations

You passively map the area around you.
You are easily found by Zot.
You glow in the dark.
You regain HP and MP as you explore.


Message History

* * * LOW HITPOINT WARNING * * *
You slash the death yak!
The death yak is heavily wounded.
You hear a bellow!
The blink frog hits you but does no damage.
You hear a howl!
You hear a bellow!
You hear a howl!
Unknown command.
Okay, then.
As you read the scroll of fear, it crumbles to dust.
You assume a fearsome visage.
The yak looks frightened!
The cane toad looks frightened!
The death yak resists with almost no effort.
The cane toad looks frightened!
The blink frog looks frightened! x4
You hear a bellow!
The blink frog blinks! x4; The death yak gores you.
* * * LOW HITPOINT WARNING * * *
A yak comes into view.
The blink frog blinks! x3
The yak bellows!
You slice the death yak!!
The death yak is severely wounded.
You hear an angry hiss.
You hear a bellow!
The death yak gores you.
* * * LOW HITPOINT WARNING * * *
A yak comes into view.
The blink frog blinks! x2
You hear a bellow!
You hear a roar!
A death yak comes into view.
The yak bellows! x2; The death yak bellows!
You hear a bellow!
The blink frog blinks! x2
The blink frog blinks!
A rime drake comes into view.
The rime drake hisses angrily.
The blink frog blinks!
The death yak gores you!!
* * * LOW HITPOINT WARNING * * *
The blink frog blinks!
There is a stone staircase leading up, spattered with blood here.
The blink frog blinks!
The death yak gores you!
You die...
Your body crumbles into a pile of gold.

, , , .Y ,, * ,
.Y., ### *#F+#.
###.###k.FY, * *
###.♣.#.Y#.###,
#......§..Y....,
, ,,
*♣♣.@......♣..F+
#$..Y...§..... ,
#..♣..§Y##.# * *
##♣##.##.....#
### ,#+.## , ,
*, , , , ,, , *
, , ,


You could see 2 death yaks, 3 yaks, a cane toad (fleeing), a blink frog
(fleeing) and a rime drake.

Vanquished Creatures
  A boulder beetle (Lair:2)
  An elephant (Lair:2)
  2 black mambas (Lair:2)
  3 cane toads
  A torpor snail (Lair:3)
  3 rime drakes
  4 blink frogs (Lair:2)
  2 dream sheep (Lair:3)
  A snapping turtle (Lair:3)
  14 yaks
  2 steam dragons
  3 basilisks
  5 water moccasins
  3 ice beasts (D:8)
  A sky beast (D:6)
  7 black bears
  10 wolves
  2 ogres
  4 phantoms
  A centaur (D:6)
  5 kobold brigands
  4 bullfrogs (Lair:2)
  Blork the orc (D:6)
  A gnoll sergeant (D:7)
  3 scorpions
  5 wights (D:6)
  3 killer bees (D:8)
  2 jellies
  An orc priest (D:4)
  2 gnoll boudas
  6 hounds
  Jessica (D:2)
  A sleepcap (D:6)
  6 iguanas
  3 orc wizards
  13 gnolls
  19 adders
  7 river rats
  A white imp (D:7)
  2 worms
  4 dart slugs
  20 orcs
  7 bats
  4 endoplasms
  2 giant cockroaches
  4 goblins
  5 hobgoblins
  A jackal (Sewer)
  16 kobolds
  A quokka (D:3)
  4 ball pythons
  6 frilled lizards
  12 rats
242 creatures vanquished.

Vanquished Creatures (others)
  An angel (D:6)
  11 fungi
  31 plants
43 creatures vanquished.

Grand Total: 285 creatures vanquished

Notes
Turn   | Place    | Note
-------+----------+-------------------------------------------
     0 | D:1      | lunkers the Meteoran Fighter began the quest for the Orb.
     0 | D:1      | Reached XP level 1. HP: 19/19 MP: 2/2
    59 | D:1      | Got Dutwub's Notes on Turbulent Transfiguration
   160 | D:1      | Reached skill level 3 in Long Blades
   160 | D:1      | Reached XP level 2. HP: 24/26 MP: 3/3
   481 | D:2      | Reached XP level 3. HP: 23/31 MP: 4/4
   551 | D:2      | Noticed Jessica
   556 | D:2      | Killed Jessica
   557 | D:2      | Reached skill level 4 in Long Blades
   557 | D:2      | Reached XP level 4. HP: 34/38 MP: 5/5
   563 | D:2      | Reached skill level 5 in Long Blades
   746 | D:2      | Reached XP level 5. HP: 27/45 MP: 3/6
   756 | D:2      | Found a faded altar of an unknown god.
   827 | D:2      | Reached skill level 6 in Long Blades
  1028 | D:3      | Reached XP level 6. HP: 51/51 MP: 7/7
  1088 | D:3      | Found a basalt altar of Yredelemnul.
  1166 | D:3      | Found an opulent altar of Gozag.
  1168 | D:3      | Found a bloodstained altar of Trog.
  1175 | D:3      | Became a worshipper of Gozag Ym Sagoz the Greedy
  1362 | D:4      | Noticed Grinder
  1436 | D:4      | Reached skill level 7 in Long Blades
  1648 | D:4      | Noticed a black bear
  1663 | D:4      | Killed a black bear
  1664 | D:4      | Reached skill level 8 in Long Blades
  1664 | D:4      | Reached XP level 7. HP: 38/57 MP: 6/8
  1859 | D:4      | Reached skill level 9 in Long Blades
  1888 | D:5      | Entered Level 5 of the Dungeon
  1991 | D:5      | Found a glowing drain.
  1996 | Sewer    | Entered a sewer
  2025 | Sewer    | Reached XP level 8. HP: 55/63 MP: 9/9
  2072 | Sewer    | Reached skill level 10 in Long Blades
  2358 | Sewer    | Reached skill level 11 in Long Blades
  2405 | Sewer    | Glimpsed the power of Zot.
  2440 | Sewer    | Glimpsed the power of Zot.
  2497 | D:5      | Found Nocor's Fire Supplies.
  2526 | D:5      | Identified a scroll of acquirement
  2526 | D:5      | Acquired a +6 heavy triple sword
  2570 | D:5      | Gained mutation: You passively map the area around you.
                  | [Meteoran growth]
  2570 | D:5      | Reached XP level 9. HP: 64/70 MP: 10/10
  2699 | D:5      | Reached skill level 12 in Long Blades
  2888 | D:6      | Reached skill level 13 in Long Blades
  3015 | D:6      | Killed an angel
  3065 | D:6      | Reached skill level 14 in Long Blades
  3195 | D:6      | Noticed Blork the orc
  3196 | D:6      | Reached XP level 10. HP: 52/74 MP: 11/11
  3203 | D:6      | Killed Blork the orc
  3456 | D:6      | Reached skill level 15 in Long Blades
  3519 | D:6      | Found a shimmering altar of Xom.
  3519 | D:6      | Found a glowing silver altar of Zin.
  4180 | D:7      | Found a staircase to the Ecumenical Temple.
  4303 | D:8      | Noticed a rime drake
  4323 | D:8      | Reached skill level 16 in Long Blades
  4335 | D:8      | Killed a rime drake
  4352 | D:8      | Found a staircase to the Lair.
  4385 | D:8      | Reached skill level 17 in Long Blades
  4397 | Lair:1   | Entered Level 1 of the Lair of Beasts
  4510 | Lair:1   | Noticed a rime drake
  4510 | Lair:1   | Noticed a cane toad
  4522 | Lair:1   | Killed a rime drake
  4524 | Lair:1   | Reached XP level 11. HP: 82/82 MP: 12/12
  4546 | Lair:1   | Reached skill level 18 in Long Blades
  4653 | Lair:2   | Identified the +8 shortbow "Icuddus" {freeze, *Slow Int+8
                  | SInv}
  4755 | Lair:2   | Noticed an elephant
  4756 | Lair:2   | Noticed an elephant
  4756 | Lair:2   | Noticed an elephant
  4782 | Lair:2   | Killed an elephant
  4783 | Lair:2   | Reached skill level 19 in Long Blades
  4807 | Lair:2   | Noticed a black mamba
  4812 | Lair:2   | Killed a black mamba
  4880 | Lair:2   | Reached skill level 20 in Long Blades
  4890 | Lair:2   | Reached XP level 12. HP: 62/89 MP: 13/13
  5206 | Lair:2   | Noticed a boulder beetle
  5218 | Lair:2   | Killed a boulder beetle
  5219 | Lair:2   | Reached skill level 21 in Long Blades
  5353 | Lair:3   | Found a staircase to the Shoals.
  5374 | Lair:4   | Noticed a death yak
  5388 | Lair:4   | Noticed a death yak
  5391 | Lair:4   | Mangled by a death yak

Illustrated notes

Levels and vault maps discovered:
D:1:      dpeg_arrival_simpleton_c, layout_basic, minmay_statues_item,
          corner_web_ring, minivault_4
D:2:      layout_basic, hellmonk_ecumenical_altar_run_dry, uniq_jessica
D:3:      layout_rooms, mainiacjoe_overflow_concentric_impassable,
          grunt_temple_overflow_open
D:4:      layout_rooms, serial_corexii_hall, corexii_hall_statues_deadend,
          corexii_hall_statues_x, uniq_grinder
D:5:      corexii_shantytown, layout_basic, lightli_sewer_entry_pipes,
          st_stairs_5, nicolae_shop_fire_sale [nicolae_sub_dead_trees]
D:6:      minmay_razor_zed, layout_gridville,
          grunt_temple_overflow_order_and_chaos_1,
          nicolae_kite_square_tiling_tiny, kennysheep_generic_room_14,
          uniq_blork_the_orc
D:7:      layout_loops_corners, temple_hall
D:8:      layout_basic, hellmonk_lair_entry_icy, fountainhead
Lair:1:   layout_regular_city, chequers_serial_rivers_large_b,
          minmay_lair_oklob_items, beast_lair_carwin_10
Lair:2:   layout_cave_pods
Lair:3:   layout_misc_corridors, minmay_shoals_entry_hut,
          minmay_snake_entry_guardpost_large, serial_forest,
          infiniplex_forest_clump_small, infiniplex_forest_end_3,
          infiniplex_forest_side_room, infiniplex_forest_clump_curved,
          eino_house_with_fridge, lemuel_fruit_tree
Lair:4:   layout_hall_layers, grunt_megastairs_1, serial_bayou_shore_a,
          serial_bayou_shore_b

Skill      XL: |  1  2  3  4  5  6  7  8  9 10 11 12 |
---------------+-------------------------------------+-----
Long Blades    | 3 4 5 6 8 9 11 14 17 20 21 | 21.3
Armour         | 4 |  4.0
Fighting       | |  3.6
Shields        | |  3.6

Action                     |  1- 3 |  4- 6 |  7- 9 | 10-12 || total
---------------------------+-------+-------+-------+-------++-------
  Melee: Long sword        |    43 |   166 |   220 |       ||   429
         Triple sword      |       |       |    83 |   321 ||   404
    Use: Potion            |       |     1 |       |     2 ||     3
         Scroll            |       |       |    17 |     6 ||    23
   Stab: Distracted        |       |       |       |     2 ||     2
 Armour: Scale mail        |    35 |   106 |   241 |   222 ||   604
  Dodge: Dodged            |    23 |    66 |   132 |   113 ||   334
  Block: Buckler           |    12 |    38 |    51 |       ||   101

Table legend: (Time is in decaauts)
 A = Elapsed time spent in this place.
 B = Non-inter-level travel time spent in this place.
 C = Inter-level travel time spent in this place.
 D = Time resting spent in this place.
 E = Time spent auto-exploring this place.
 F = Levels seen in this place.
 G = Mean time per level.
                   A        B        C        D        E       F      G
               +--------+--------+--------+--------+--------+-----+--------+
         Total |   5564 |   5336 |    228 |      0 |   3364 |  13 |  428.0 |
       Dungeon |   4044 |   3840 |    204 |      0 |   2501 |   8 |  505.5 |
          Lair |    966 |    942 |     24 |      0 |    531 |   4 |  241.5 |
         Sewer |    554 |    554 |      0 |      0 |    332 |   1 |  554.0 |
               +--------+--------+--------+--------+--------+-----+--------+

Top non-repeatable levels by time:
     D:6: 996 daAuts
  Lair:2: 588 daAuts
   Sewer: 554 daAuts
     D:7: 531 daAuts
     D:2: 504 daAuts
     D:4: 484 daAuts
     D:1: 480 daAuts
     D:3: 449 daAuts
     D:5: 432 daAuts
  Lair:1: 234 daAuts
     D:8: 164 daAuts
  Lair:3: 127 daAuts
  Lair:4: 15 daAuts
